 Dungeon Crawl Stone Soup version 0.31-a0-430-gf8416d752b (webtiles) character file.

Game seed: 5312061867877825717

102 AIAndy the Changeling (level 4, -9/17 HPs)
             Began as an Octopode Shapeshifter on July 31, 2023.
             Mangled by Menkaure (19 damage)
             ... on level 4 of the Dungeon.
             The game lasted 00:05:08 (2785 turns).

AIAndy the Changeling (Octopode Shapeshifter)       Turns: 2785, Time: 00:05:09

Health: -9/17      AC:  9    Str: 21    XL:     4   Next: 77%
Magic:  4/4        EV: 10    Int: 10    God:
Gold:   134        SH:  0    Dex: 12    Spells: 3/3 levels left

rFire   . .          .
                       - Unarmed
rCold   . . .        (shield currently unavailable)
rNeg    . . .        (helmet currently unavailable)
rPois   .            (no amulet)
rElec   .            (no ring)
rCorr   .            (no ring)
SInv    .            (no ring)
Will    .....        (no ring)
Stlth   +            (no ring)
HPRegen 0.22/turn    (no ring)
MPRegen 0.09/turn    (no ring)
                     (no ring)

%: no passive effects
@: snake-form
A: constrict, reduced hp, almost no armour, amphibious, 8 rings, large,
(camouflage 1), (gelatinous body 1), (nimble swimmer 1), (tentacles)
a: Begin Untransformation


You were on level 4 of the Dungeon.
You were an enormous anaconda.
You visited 1 branch of the dungeon, and saw 4 of its levels.

You collected 134 gold pieces.


Innate Abilities, Weirdness & Mutations

You are an enormous anaconda.
You have a powerful constriction melee attack.
Your maximum health is decreased, since you lack skill for your form.
Your armour is entirely melded.
You are incapable of wielding weapons or throwing items.
You cannot wear most types of armour.
You are amphibious.
You can wear up to eight rings at the same time.
((Your skin changes colour to match your surroundings (Stealth+).))
((Your rubbery body absorbs attacks. (AC +1, EV +1)))
((You are camouflaged when in or above water. (Stealth+)))
((You have tentacles for arms and can constrict up to eight enemies at once.))


   Skills:
 - Level 1.0 Fighting
 - Level 2.0 Dodging
 - Level 3.7 Unarmed Combat
 + Level 4.3 Shapeshifting


You had 3 spell levels left.
You didn't know any spells.
Your spell library contained the following spells:

 Spells                   Type           Power      Damage    Failure   Level
 Freeze                   Ice            0%         1d3       36%         1
 Frozen Ramparts          Ice            0%         1d1       75%         3
 Hailstorm                Conj/Ice       0%         3d3       75%         3
 Ozocubu's Armour         Ice            0%         N/A       75%         3
 Vhi's Electric Charge    Tloc/Air       0%         N/A       75%         3
 Petrify                  Tmut/Erth      0%         N/A       98%         4
 Arcjolt                  Conj/Air       0%         1d10      100%        5
 Metabolic Englaciation   Hex/Ice        0%         N/A       100%        5
 Plasma Beam              Fire/Air       0%         2x1d10    100%        6
 Ozocubu's Refrigeration  Ice            0%         4d7       100%        7

Inventory:

Missiles
 h - 2 poisoned darts (quivered)
Armour
 c - an orb of wrath
Magical Staves
 g - a staff of poison
Jewellery
 k - the ring "Saqaufez" {rElec rC+ MP+9 Slay-2 SInv}
   (You found it on level 2 of the Dungeon)

   [ring of magical power]

   Slay:      It affects your accuracy & damage with ranged weapons and melee
   (-2).
   rC:        It protects you from cold.
   rElec:     It insulates you from electricity.
   MP:        It affects your magic capacity (+9).
   SInv:      It lets you see invisible.
 H - an amulet of faith {!P}
Talismans
 b - a beast talisman
 i - a serpent talisman (active)
Scrolls
 e - 5 scrolls of identify {unknown}
 f - a scroll of noise {unknown}
 n - a scroll of fog {unknown}
 p - 3 scrolls of teleportation {unknown}
 q - a scroll of immolation {!r}
 s - a scroll of vulnerability {unknown}
 t - a scroll of blinking {unknown}
Potions
 a - a potion of lignification {!q}
 d - a potion of might {unknown}
 j - 2 potions of attraction {unknown}
 l - 2 potions of curing {unknown}
 m - 3 potions of invisibility {unknown}
 o - a potion of magic {unknown}
 r - a potion of enlightenment {unknown}

Dungeon Overview and Level Annotations

Branches:
Dungeon (4/15)
 Temple: D:4-7

Altars:
Gozag
Xom

Annotations:
D:3 1 runed translucent door, AdnanSaban's ghost, amateur GrFi; Sigmund
D:4 Menkaure

................
.................
.................
.................
.................
.................
..........M......
.........S...>...
.......<.........
.................
.................
.................
.................
.................
.................
...............


You could see Menkaure.


Message History

You see here an adder skeleton.
Key pressed, stopping explore.
You see here a hobgoblin corpse.
The water moccasin hisses angrily.
Press: ? - help, v - describe, . - travel The floor.
Unknown command.
Unknown command.
Could not explore, unopened runed door.
Could not explore, unopened runed door.
You see here a hobgoblin corpse.
There is a stone staircase leading down here.
Search for what [Enter for "."]? .
Search for what [Enter for "."]? .
You climb downwards.
Menkaure shouts!
Found an escape hatch in the floor.
There is a stone staircase leading up here.
Menkaure closely misses you.
You lash Menkaure! You grab Menkaure.
Menkaure is moderately damaged.
You constrict Menkaure, but do no damage.
Menkaure giggles, "These cerements are ticklish..."
Menkaure calls on the powers of darkness!
Your body is wracked with pain!
You hit Menkaure.
Menkaure is moderately damaged.
You constrict Menkaure. Menkaure hits you!!
Ouch! That really hurt!
You die...

Skill      XL: |  1  2  3  4 |
---------------+-------------+-----
Shapeshifting  | 4 |  4.3
Fighting       | |  1.0
Dodging        | |  2.0
Unarmed Combat | |  3.7

Action                     |  1- 3 |  4- 6 || total
---------------------------+-------+-------++-------
  Melee: Unarmed           |    62 |    41 ||   103
         Constrict         |    15 |     9 ||    24
         Tentacles         |     4 |       ||     4
   Stab: Sleeping          |     9 |     1 ||    10
 Armour: Skin              |     8 |    14 ||    22
  Dodge: Dodged            |    28 |    23 ||    51
   Form: Anaconda          |     1 |       ||     1

Levels and vault maps discovered:
D:1:      lemuel_arrival_funnel, layout_basic
D:2:      layout_loops_ring, basic_altar, dreamdust_princess_bridge
D:3:      layout_basic, mainiacjoe_overflow_tiny_flanked,
          ebering_ghost_inner_flame, serial_corexii_hall,
          chequers_hall_statues_y, corexii_hall_statues_x,
          nicolae_twisty_statue_hallways, uniq_sigmund
D:4:      layout_layer_cave, mainiacjoe_overflow_alcove_1,
          nicolae_wu_jian_glorious_leap, gammafunk_ghost_arena, uniq_menkaure

Notes
Turn   | Place    | Note
-------+----------+-------------------------------------------
     0 | D:1      | AIAndy the Octopode Shapeshifter began the quest for the
                  | Orb.
     0 | D:1      | Reached XP level 1. HP: 13/13 MP: 1/1
   138 | D:1      | Reached XP level 2. HP: 18/18 MP: 2/2
   994 | D:1      | Reached XP level 3. HP: 23/23 MP: 3/3
  1330 | D:2      | Identified the ring "Saqaufez" {rElec rC+ MP+9 Slay-2 SInv}
  1630 | D:2      | Reached XP level 4. HP: 16/28 MP: 4/4
  1749 | D:2      | Found a shimmering altar of Xom.
  1933 | D:3      | Reached skill level 4 in Shapeshifting
  2095 | D:3      | Noticed Sigmund
  2478 | D:3      | Found an opulent altar of Gozag.
  2557 | D:3      | Found a runed translucent door.
  2557 | D:3      | Noticed AdnanSaban's ghost (amateur GrFi)
  2557 | D:3      | Noticed a water moccasin
  2781 | D:4      | Noticed Menkaure
  2785 | D:4      | Mangled by Menkaure

Vanquished Creatures
  3 adders
  A white imp (D:3)
  4 dart slugs
  6 ball pythons
  5 endoplasms
  2 giant cockroaches
  5 goblins
  9 hobgoblins
  2 kobolds
  4 quokkas
  7 bats
  3 frilled lizards
  3 rats
54 creatures vanquished.

Table legend: (Time is in decaauts)
 A = Elapsed time spent in this place.
 B = Non-inter-level travel time spent in this place.
 C = Inter-level travel time spent in this place.
 D = Time resting spent in this place.
 E = Time spent auto-exploring this place.
 F = Levels seen in this place.
 G = Mean time per level.
                   A        B        C        D        E       F      G
               +--------+--------+--------+--------+--------+-----+--------+
         Total |   2777 |   2691 |     86 |      0 |   2320 |   4 |  694.2 |
       Dungeon |   2777 |   2691 |     86 |      0 |   2320 |   4 |  694.2 |
               +--------+--------+--------+--------+--------+-----+--------+

Top non-repeatable levels by time:
     D:1: 1031 daAuts
     D:3: 940 daAuts
     D:2: 802 daAuts
     D:4: 3 daAuts

Table legend:
 A = Non-vault XP
 B = Vault XP
 C = Vault XP percentage of total XP
 D = Non-vault monster count
 E = Vault monster count
 F = Vault count percentage of total count
                 A         B        C        D         E       F
            +---------+---------+-------+---------+---------+-------
      Total |     146 |       0 |   0.0 |      54 |       0 |   0.0
            +---------+---------+-------+---------+---------+-------
        D:1 |      35 |       0 |   0.0 |      17 |       0 |   0.0
        D:2 |      48 |       0 |   0.0 |      19 |       0 |   0.0
        D:3 |      63 |       0 |   0.0 |      18 |       0 |   0.0
            +---------+---------+-------+---------+---------+-------
